 Dungeon Crawl Stone Soup version 0.22.0-38-g04b72b8 (webtiles) character file.

59039 Lew the Basher (level 14, -15/92 HPs)
             Began as a Gargoyle Fighter on Aug 27, 2018.
             Was the Champion of Okawaru.
             Demolished by Urug
             ... wielding a +1 war axe of venom
              (17 damage)
             ... on level 1 of the Orcish Mines.
             The game lasted 00:44:35 (15040 turns).

Lew the Basher (Gargoyle Fighter)                  Turns: 15040, Time: 00:44:36

Health: -15/92     AC: 54    Str: 33    XL:     14   Next: 93%
Magic:  16/16      EV: 12    Int: 10    God:    Okawaru [******]
Gold:   1341       SH: 11    Dex: 10    Spells: 13/13 levels left

rFire    . . .     SeeInvis .   e - +8 morningstar (protect)
rCold    . . .     Gourm    .   v - +1 buckler {reflect}
rNeg     + . .     Faith    +   u - +15 Maxwell's patent armour {-Cast -Tele rElec MR+ rCorr}
rPois    ∞         Spirit   .   m - +0 helmet
rElec    +         Reflect  +   i - +2 cloak
rCorr    +         Harm     .   o - +0 pair of gloves
MR       ++++.     NoTele   +   (no boots) Stlth ..........NoCast +
                                x - amulet of faith
HPRegen  0.25/turn              p - ring of Undoing {rCorr *Slow rElec MR+ Str+5}
MPRegen  0.15/turn              M - ring of protection from magic

@: mighty, protection aura
A: big wings, large bone plates 1, blurry vision 1, negative energy resistance
1, electricity resistance, unbreathing, petrification resistance, rot immunity,
AC +10
a: Fly, Heroism, Finesse, Renounce Religion


You were on level 1 of the Orcish Mines.
You worshipped Okawaru.
Okawaru was exalted by your worship.
You were hungry.

You visited 3 branches of the dungeon, and saw 17 of its levels.

You collected 1513 gold pieces.
You spent 172 gold pieces at shops.

Inventory:

Hand Weapons
 e - a +8 morningstar of protection (weapon)
 k - a +1 scimitar of flaming
 I - a +1 morningstar of holy wrath
Missiles
 G - 2 tomahawks of dispersal (quivered)
Armour
 c - a +2 shield
 i - a +2 cloak (worn)
 m - a +0 helmet (worn)
 o - a +0 pair of gloves (worn)
 u - the +15 Maxwell's patent armour (worn) {-Cast -Tele rElec MR+ rCorr}
   (You found it on level 6 of the Dungeon)

   It insulates you from electricity.
   It affects your resistance to hostile enchantments.
   It prevents spellcasting.
   It prevents most forms of teleportation.
   It provides partial protection from all sources of acid and corrosion.
 v - a +1 buckler of reflection (worn)
 C - the +1 cloak of Acasimneff {rC+ Int+3}
   (Okawaru gifted it to you on level 9 of the Dungeon)

   It affects your intelligence (+3).
   It protects you from cold.
 F - a +0 large shield
Jewellery
 b - an uncursed ring of fire
 p - the ring of Undoing (left hand) {rCorr *Slow rElec MR+ Str+5}
   (You found it on level 5 of the Dungeon)

   [ring of resist corrosion]

   It affects your strength (+5).
   It insulates you from electricity.
   It affects your resistance to hostile enchantments.
   It may slow you when you take damage.
 q - an uncursed ring of ice
 x - an amulet of faith (around neck)
 B - an uncursed amulet of guardian spirit
 M - a ring of protection from magic (right hand)
 N - a +4 ring of protection
Wands
 n - a wand of enslavement (6)
 r - a wand of acid (6)
 s - a wand of polymorph (10)
 t - a wand of flame (40)
 y - a wand of scattershot (4)
 z - a wand of disintegration (29)
 J - a wand of random effects (21)
Scrolls
 a - 10 scrolls of teleportation
 h - 6 scrolls of remove curse
 w - 5 scrolls of amnesia
Potions
 l - a potion of curing
 A - 3 potions of haste
 D - a potion of agility
 E - a potion of mutation
 K - 3 potions of lignification
Comestibles
 f - 22 rations


   Skills:
 * Level 12.3 Fighting
 * Level 13.8 Maces & Flails
 * Level 12.3 Armour
 + Level 8.9 Dodging
 * Level 12.2 Shields
 + Level 3.4 Invocations


You had 13 spell levels left.
You didn't know any spells.
Your spell library contained the following spells:

 Spells                   Type           Power        Failure   Level  Hunger
 Magic Dart               Conj           #...         90%         1    ##.....
 Searing Ray              Conj           #.....       97%         2    ###....
 Dazzling Spray           Conj/Hex       #.....       99%         3    ####...
 Force Lance              Conj/Tloc      #.......     100%        4    #####..
 Fulminant Prism          Conj/Hex       #.........   100%        4    #####..
 Iskenderun's Mystic Bla  Conj           #.......     100%        4    #####..


Dungeon Overview and Level Annotations

Branches:
Dungeon (15/15)            Temple (1/1) D:4            Lair (0/6) D:10
    Orc (1/2) D:9          Vaults (0/5) D:13         Depths (0/5) D:15

Altars:
Ashenzari
Cheibriados
Dithmenos
Elyvilon
Fedhas
Gozag
Hepliaklqana
Kikubaaqudgha
Makhleb
Nemelex Xobeh
Okawaru
Qazlal
Ru
Sif Muna
Trog
Uskayaw
Vehumet
Wu Jian
Xom
Yredelemnul
Zin
The Shining One

Shops:
D:5 *=(?[   D:6 !

Annotations:
Orc:1 Urug


Innate Abilities, Weirdness & Mutations

You are resistant to torment.
Your stone body is resilient. (AC +10)
You are immune to poison.
Your large and strong wings let you fly indefinitely.
You resist negative energy. (rN+)
You are resistant to electric shocks. (rElec)
You can survive without breathing.
You are immune to petrification.
You are immune to rotting.
You are partially covered in large bone plates. (SH +4)
Scrolls take you a little longer to read.


Message History

The orc knight roars a battlecry!
The orcs go into a battle-frenzy!
You block the orc high priest's attack. The warg bites you!
* * * LOW HITPOINT WARNING * * *
The orc wizard hits you but does no damage.
The orc barely misses you. The ogre hits you but does no damage.
An orc wizard comes into view.
It is wielding a morningstar of protection.
You completely miss Urug.
Urug is heavily wounded.
The warg pauses to sniff the ground.
The troll misses you. You block the troll's attack. x2
The warg bites you but does no damage.
The orc warrior hits you but does no damage.
The orc wizard barely misses you.
The orc priest mumbles some strange prayers to Beogh against you.
Beogh smites you!
* * * LOW HITPOINT WARNING * * *
The orc knight hits you but does no damage.
The orc barely misses you. Urug hits you with a war axe of venom!
You die...

##.## #### #...#### #
## ##..###...##.##
#.##. #.(..##...)<).# .
... ##.........))).#
... #.##(#.........#.##
....##44...#....#..####
.....3ooO.......#..#
....Ooh@oo..........#
....ohooT....#.....#..
.....ohoh..............
..ooC(.............#...
..o.o...........
.o..............
..T.o..........
o..............


You could see a stone giant, an orc knight, Urug, 2 orc high priests, an ice
devil, 2 trolls, a smoke demon, a chaos spawn, 4 wargs, 2 orc warriors, 2 ogres,
2 orc priests, 4 orc wizards and 5 orcs.

Vanquished Creatures
  Rupert (D:15)
  Agnes (D:15)
  Azrael (D:14)
  A fire dragon (D:15)
  Josephine (D:15)
  A vault guard (D:13)
  2 hydras
  An ice dragon (D:15)
  A catoblepas (D:13)
  10 two-headed ogres
  4 centaur warriors
  A death knight (D:15)
  4 skeletal warriors
  2 unseen horrors (D:13)
  A wolf spider zombie (D:14)
  4 orc knights (D:15)
  4 wizards (D:13)
  Pikel (D:8)
  A necromancer (D:13)
  A phantasmal warrior (D:15)
  5 deep elf magi
  9 ugly things
  4 manticores
  2 orc sorcerers
  A cyclops (D:15)
  An efreet (D:14)
  2 gargoyles
  A komodo dragon (D:10)
  A freezing wraith (D:15)
  A queen bee (D:9)
  6 trolls
  3 meliai (D:15)
  A hornet (D:9)
  3 hippogriffs
  3 shadows
  A wyvern (D:8)
  9 yaks
  A vampire (D:15)
  A fire elemental (D:14)
  7 wraiths
  19 humans
  Grum (D:8)
  A steam dragon (D:10)
  8 vampire mosquitoes
  2 hungry ghosts
  2 acid dragons
  5 wargs
  4 hell hounds (D:14)
  An ice beast (D:14)
  12 orc warriors
  2 eyes of draining
  A black bear (D:13)
  4 slaves (D:8)
  A necrophage (D:6)
  3 sky beasts
  2 phantoms
  4 wolves (D:8)
  6 ogres
  8 centaurs
  Blork the orc (D:6)
  A big kobold (D:14)
  10 bullfrogs
  4 scorpions
  15 wights
  29 killer bees
  2 howler monkeys
  5 crimson imps
  2 bullfrog zombies
  A quasit (D:9)
  3 centaur zombies
  4 hounds
  5 jellies
  11 orc priests
  8 centaur skeletons
  A gnoll shaman (D:5)
  A bullfrog skeleton (D:9)
  An iguana (D:14)
  15 orc wizards
  14 worker ants
  A killer bee zombie (D:7)
  A hound zombie (D:5)
  A hound skeleton (D:8)
  A worker ant zombie (D:9)
  Robin (D:4)
  11 gnolls
  9 adders
  5 shadow imps
  An ooze (D:4)
  3 adder skeletons
  An adder zombie (D:8)
  8 worms
  3 dart slugs
  2 leopard geckos
  74 orcs
  3 giant cockroaches
  14 goblins
  13 hobgoblins
  7 jackals
  4 quokkas
  A ball python (D:3)
  10 bats
  8 frilled lizards
  A jackal skeleton (D:7)
  15 kobolds
  A leopard gecko skeleton (D:4)
  2 leopard gecko zombies
  A quokka zombie (D:9)
  8 rats
  A fungus (D:2)
535 creatures vanquished.

Vanquished Creatures (others)
  A tengu conjurer (D:15)
  A centaur (D:15)
  A bullfrog (D:15)
  A wight (D:8)
  A howler monkey (D:5)
  A worker ant (D:14)
  2 orcs (D:5)
  A plant (D:10)
9 creatures vanquished.

Grand Total: 544 creatures vanquished

Notes
Turn   | Place    | Note
-------+----------+-------------------------------------------
     0 | D:1      | Lew the Gargoyle Fighter began the quest for the Orb.
     0 | D:1      | Reached XP level 1. HP: 14/14 MP: 1/1
    94 | D:1      | Reached XP level 2. HP: 16/19 MP: 2/2
   188 | D:1      | Reached skill level 3 in Maces & Flails
   312 | D:1      | Reached XP level 3. HP: 13/23 MP: 3/3
   662 | D:2      | Found a blossoming altar of Fedhas.
   831 | D:2      | Reached skill level 4 in Maces & Flails
  1073 | D:3      | Reached XP level 4. HP: 28/28 MP: 4/4
  1430 | D:3      | Reached skill level 5 in Maces & Flails
  1505 | D:3      | Reached XP level 5. HP: 32/32 MP: 5/5
  1830 | D:3      | Found a burning altar of Makhleb.
  1957 | D:4      | Noticed Robin
  1977 | D:4      | Killed Robin
  1978 | D:4      | Reached skill level 6 in Maces & Flails
  1978 | D:4      | Reached XP level 6. HP: 34/37 MP: 6/6
  1994 | D:4      | Noticed a phantom
  2015 | D:4      | Killed a phantom
  2123 | D:4      | Found a staircase to the Ecumenical Temple.
  2201 | Temple   | Entered the Ecumenical Temple
  2490 | Temple   | Became a worshipper of Warmaster Okawaru
  2633 | D:4      | Reached skill level 7 in Maces & Flails
  2707 | D:4      | Reached XP level 7. HP: 41/41 MP: 7/7
  3378 | D:5      | Entered Level 5 of the Dungeon
  3405 | D:5      | Reached skill level 8 in Maces & Flails
  3444 | D:5      | Found Jely's Antique Weapon Boutique.
  3467 | D:5      | Got a pitted tin ring
  3517 | D:5      | Found Suceecen's Jewellery Boutique.
  3536 | D:5      | Found Busas's General Store.
  3780 | D:5      | Reached * piety under Okawaru
  3807 | D:5      | Found Qeffos's Magic Scroll Shoppe.
  3817 | D:5      | Bought a scroll of enchant weapon for 90 gold pieces
  3850 | D:5      | Bought a scroll of enchant armour for 82 gold pieces
  3928 | D:5      | Found Waovewn's Armour Emporium.
  4220 | D:6      | Noticed Blork the orc
  4235 | D:6      | Reached skill level 9 in Maces & Flails
  4235 | D:6      | Reached XP level 8. HP: 44/46 MP: 8/8
  4245 | D:6      | Killed Blork the orc
  4362 | D:6      | Found Inketop's Distillery.
  4416 | D:6      | Found the +15 Maxwell's patent armour {-Cast -Tele rElec MR+ rCorr}
  4586 | D:6      | Reached skill level 1 in Dodging
  4810 | D:6      | Found a stormy altar of Qazlal.
  4871 | D:6      | Identified the ring of Undoing {rCorr *Slow rElec MR+ Str+5} (You found it on level 5 of the Dungeon)
  5201 | D:7      | Reached ** piety under Okawaru
  5262 | D:7      | Reached XP level 9. HP: 52/52 MP: 9/9
  5329 | D:7      | Reached skill level 5 in Fighting
  5329 | D:7      | Reached skill level 5 in Armour
  5329 | D:7      | Reached skill level 5 in Shields
  5358 | D:7      | Reached skill level 10 in Maces & Flails
  5367 | D:7      | Reached *** piety under Okawaru
  5780 | D:8      | Gained mutation: Scrolls take you a little longer to read. [potion of mutation]
  5780 | D:8      | Gained mutation: You are partially covered in large bone plates. (SH +4) [potion of mutation]
  5831 | D:8      | Noticed Pikel
  5844 | D:8      | Killed Pikel
  5844 | D:8      | Reached **** piety under Okawaru
  5851 | D:8      | Reached XP level 10. HP: 60/60 MP: 10/10
  5957 | D:8      | Noticed a two-headed ogre
  5957 | D:8      | Noticed a two-headed ogre
  5968 | D:8      | Killed a two-headed ogre
  5977 | D:8      | Killed a two-headed ogre
  5977 | D:8      | Received a gift from Okawaru
  6121 | D:8      | Noticed Grum
  6141 | D:8      | Reached ***** piety under Okawaru
  6168 | D:8      | Killed Grum
  6606 | D:9      | Noticed a two-headed ogre
  6622 | D:9      | Killed a two-headed ogre
  6766 | D:9      | Noticed a two-headed ogre
  6777 | D:9      | Killed a two-headed ogre
  6777 | D:9      | Reached skill level 11 in Maces & Flails
  6777 | D:9      | Reached skill level 5 in Dodging
  6777 | D:9      | Reached XP level 11. HP: 67/67 MP: 11/11
  6920 | D:9      | Found a shimmering altar of Xom.
  6922 | D:9      | Found a shimmering altar of Xom.
  6922 | D:9      | Found a shimmering altar of Xom.
  6932 | D:9      | Found a shimmering altar of Xom.
  6932 | D:9      | Found a shimmering altar of Xom.
  6934 | D:9      | Found a shimmering altar of Xom.
  6999 | D:9      | Found a staircase to the Orcish Mines.
  7231 | D:9      | Reached ****** piety under Okawaru
  7266 | D:9      | Received a gift from Okawaru
  7300 | D:9      | Got a faintly humming cloak {god gift}
  7313 | D:9      | Identified the +1 cloak of Acasimneff {rC+ Int+3} (Okawaru gifted it to you on level 9 of the Dungeon)
  7542 | D:10     | Entered Level 10 of the Dungeon
  7663 | D:10     | Noticed a deep elf mage
  7674 | D:10     | Killed a deep elf mage
  7985 | D:10     | Found a staircase to the Lair.
  8845 | D:11     | Noticed a green ugly thing
  8860 | D:11     | Killed a green ugly thing
  9154 | D:11     | Reached XP level 12. HP: 75/75 MP: 12/12
  9649 | D:12     | Noticed a four-headed hydra
  9660 | D:12     | Killed a four-headed hydra
  9989 | D:12     | Identified a scroll of acquirement
 10154 | D:12     | Received a gift from Okawaru
 10453 | D:13     | Reached skill level 12 in Maces & Flails
 10527 | D:13     | Noticed a catoblepas
 10539 | D:13     | Killed a catoblepas
 10554 | D:13     | Noticed a centaur warrior
 10561 | D:13     | Killed a centaur warrior
 10578 | D:13     | Noticed a two-headed ogre
 10589 | D:13     | Killed a two-headed ogre
 10681 | D:13     | Noticed a centaur warrior
 10686 | D:13     | Killed a centaur warrior
 10691 | D:13     | Reached skill level 10 in Fighting
 10704 | D:13     | Reached skill level 10 in Armour
 10704 | D:13     | Reached skill level 10 in Shields
 10926 | D:13     | Noticed a two-headed ogre
 10935 | D:13     | Killed a two-headed ogre
 10935 | D:13     | Reached XP level 13. HP: 80/82 MP: 13/13
 11065 | D:13     | Received a gift from Okawaru
 11189 | D:13     | Found a gate to the Vaults.
 11189 | D:13     | Noticed a vault guard
 11197 | D:13     | Killed a vault guard
 11640 | D:14     | Received a gift from Okawaru
 11656 | D:14     | Reached skill level 13 in Maces & Flails
 11706 | D:14     | Noticed Azrael
 11715 | D:14     | Killed Azrael
 11997 | D:14     | Gained mutation: Your large and strong wings let you fly indefinitely. [Gargoyle growth]
 11997 | D:14     | Reached XP level 14. HP: 74/90 MP: 14/14
 12497 | D:14     | Reached skill level 1 in Invocations
 12808 | D:15     | Entered Level 15 of the Dungeon
 12914 | D:15     | Received a gift from Okawaru
 13037 | D:15     | Noticed Agnes
 13060 | D:15     | Killed Agnes
 13437 | D:15     | Found a staircase to the Depths.
 13543 | D:15     | Noticed Rupert
 13581 | D:15     | Killed Rupert
 13928 | D:15     | Noticed Josephine
 13933 | D:15     | Received a gift from Okawaru
 13952 | D:15     | Killed Josephine
 14262 | D:15     | Found a shattered altar of Ashenzari.
 14987 | Orc:1    | Entered Level 1 of the Orcish Mines
 15001 | Orc:1    | Received a gift from Okawaru
 15015 | Orc:1    | Noticed Urug
 15033 | Orc:1    | Noticed a stone giant
 15040 | Orc:1    | HP: 2/92 [orc priest/divine providence (14)]
 15040 | Orc:1    | Demolished by Urug

Skill      XL: |  1  2  3  4  5  6  7  8  9 10 11 12 13 14 |
---------------+-------------------------------------------+-----
Maces & Flails | 3 4 5 6 7 9 10 11 12 13 | 13.8
Dodging        | 2 3 5 6 7 8 |  8.9
Fighting       | 4 6 7 8 10 11 12 | 12.3
Armour         | 4 6 7 8 10 11 12 | 12.3
Shields        | 4 6 7 8 10 11 12 | 12.2
Invocations    | 3 |  3.4

Action                   |  1- 3 |  4- 6 |  7- 9 | 10-12 | 13-15 || total
-------------------------+-------+-------+-------+-------+-------++-------
Melee: Flail             |   147 |       |       |       |       ||   147
       Hand axe          |    45 |   158 |    43 |       |       ||   246
       Morningstar       |       |    14 |   371 |   780 |   643 ||  1808
       War axe           |       |       |    13 |       |       ||    13
 Abil: Fly               |       |       |       |       |     1 ||     1
       Stop Flying       |       |       |       |       |     1 ||     1
Evoke: Wand              |       |       |       |     2 |    13 ||    15
  Use: Potion            |       |     7 |     2 |     3 |     8 ||    20
       Scroll            |       |     6 |     5 |    12 |     7 ||    30
 Stab: Invisible         |       |       |       |     2 |       ||     2
  Eat: Ration            |     1 |     1 |     2 |     4 |     3 ||    11
       Chunk             |       |       |     3 |     6 |     4 ||    13
Armor: Scale mail        |   135 |    93 |   147 |       |       ||   375
       Plate armour      |       |       |   219 |   505 |   456 ||  1180
Dodge: Dodged            |    75 |    44 |   167 |   217 |   275 ||   778
Block: Shield            |   122 |    68 |   376 |   651 |       ||  1217
       Buckler           |       |       |       |    89 |   422 ||   511
       Reflection        |       |       |       |     5 |    12 ||    17
